 Dungeon Crawl Stone Soup version 0.18.1-6-gd335043 (webtiles) character file.

12454 GeneralIdiocy the Martial Artist (level 11, -1/81 HPs)
             Began as a Demonspawn Monk on May 20, 2016.
             Was the Champion of Cheibriados.
             Slain by a minotaur
             ... wielding a +1 rod of ignition (11/11)
              (8 damage)
             ... in a labyrinth.
             The game lasted 00:23:03 (12043 turns).

GeneralIdiocy the Martial Artist (Demonspawn Monk) Turns: 12043, Time: 00:23:04

Health: -1/81      AC: 11    Str: 27    XL:     11   Next: 62%
Magic:  16/16      EV: 14    Int: 27    God:    Cheibriados [******]
Gold:   643        SH:  3    Dex: 33    Spells: 0 memorised, 10 levels left

rFire  + + .     SeeInvis .       - Unarmed
rCold  . . .     Gourm    .     y - +1 chain mail
rNeg   . . .     Faith    .     (no shield)
rPois  +         Spirit   .     (helmet restricted)
rElec  .         Dismiss  .     (no cloak)
rCorr  .         Reflect  +     (no gloves)
SustAt .         Harm     .     (no boots)
MR     .....                    F - +3 amulet of reflection
Stlth  ..........               L - ring of poison resistance
                                s - ring of protection from fire

@: very slow, not resistant to hostile enchantments, extremely unstealthy
A: claws 2, hooves 2, horns 2, fire resistance 1
a: Bend Time, Temporal Distortion, Slouch, Step From Time, Renounce Religion


You were in a labyrinth.
You worshipped Cheibriados.
Cheibriados was exalted by your worship.
You were very hungry.

You visited 2 branches of the dungeon, and saw 14 of its levels.
You also visited: Labyrinth.

You collected 839 gold pieces.
You spent 196 gold pieces at shops.

Inventory:

Missiles
 G - a throwing net (quivered)
Armour
 a - a +0 robe
 k - a +0 leather armour
 q - a +1 scale mail
 y - a +1 chain mail (worn)
Jewellery
 d - an uncursed ring of ice
 s - a ring of protection from fire (left claw)
 F - a +3 amulet of reflection (around neck)
 H - an uncursed ring of stealth
 L - a ring of poison resistance (right claw)
Wands
 g - a wand of paralysis (5/24)
 J - a wand of flame (15/48)
 K - a wand of iceblast (2/15)
 M - a wand of iceblast (3/15)
Scrolls
 c - 3 scrolls of magic mapping
 f - 2 scrolls of teleportation
 l - 5 scrolls of remove curse
 o - a scroll of recharging
 p - a scroll of fog
 v - a scroll of fear {unknown}
 N - a scroll of identify
 O - 3 scrolls of enchant armour
 P - a scroll of immolation {unknown}
Potions
 e - a potion of flight
 h - 2 potions of ambrosia
 m - 3 potions of resistance
 n - a potion of magic
 r - 2 potions of agility
 u - 3 potions of brilliance
 x - a potion of cancellation
 z - a potion of mutation
 B - a potion of might
 C - a potion of lignification
Books
 i - a book of Party Tricks

   Spells                             Type                      Level
   a - Summon Butterflies             Summoning                    1
   b - Apportation                    Translocation                1
   c - Tukima's Dance                 Hexes                        3
   d - Alistair's Intoxication        Transmutation/Poison         5
   e - Invisibility                   Hexes                        6
 A - a book of Changes

   Spells                             Type                      Level
   a - Beastly Appendage              Transmutation                1
   b - Sticks to Snakes               Transmutation                2
   c - Spider Form                    Transmutation/Poison         3
   d - Ice Form                       Ice/Transmutation            4
   e - Blade Hands                    Transmutation                5
 I - a book of Necromancy

   Spells                             Type                      Level
   a - Pain                           Necromancy                   1
   b - Animate Skeleton               Necromancy                   1
   c - Vampiric Draining              Necromancy                   3
   d - Regeneration                   Charms/Necromancy            3
   e - Animate Dead                   Necromancy                   4
   f - Control Undead                 Necromancy                   4
Comestibles
 b - 10 bread rations
 j - a royal jelly
 t - 8 fruits
 w - 3 meat rations
 D - 2 beef jerkies
 E - 9 slices of pizza


   Skills:
 - Level 6.1 Fighting
 - Level 7.0 Armour
 - Level 5.1 Dodging
 - Level 1.7 Stealth
 * Level 11.9 Unarmed Combat
 + Level 7.1 Invocations
 * Level 7.1 Evocations


You had 10 spell levels left.
You didn't know any spells.

Dungeon Overview and Level Annotations

Branches:
Dungeon (13/15)            Temple (1/1) D:5            Lair (0/8) D:10
    Orc (0/2) D:9
 Vaults: D:13-14

Altars:
Ashenzari
Cheibriados
Dithmenos
Elyvilon
Fedhas
Gozag
Kikubaaqudgha
Makhleb
Nemelex Xobeh
Okawaru
Pakellas
Qazlal
Ru
Sif Muna
Trog
Vehumet
Xom
Yredelemnul
The Shining One

Shops:
D:4 !


Innate Abilities, Weirdness & Mutations

You have very sharp fingernails.
You have hoof-like feet.
You have a pair of horns on your head.
Your flesh is heat resistant.


Message History

The minotaur hits you with a rod of ignition!
The minotaur barely misses you. The minotaur closely misses you.
The minotaur barely misses you.
You mangle the minotaur!! Your kick misses the minotaur.
You headbutt the minotaur, but do no damage.
The minotaur is moderately wounded.
The minotaur barely misses you. The minotaur gores you!
The minotaur hits you with a rod of ignition!!
* * * LOW HITPOINT WARNING * * *
You block the minotaur's attack.
Throwing (i - inventory):
G - 2 throwing nets (quivered)
Press: ? - help, Shift-Dir - straight line, f - minotaur
Aim: a minotaur, wielding a rod of ignition, wearing a runed plate armour and wearing a fine wooden ring (moderately wounded)
You throw a throwing net.
The throwing net barely misses the minotaur.
The minotaur hits you with a rod of ignition!
* * * LOW HITPOINT WARNING * * *
The minotaur gores you but does no damage.
The minotaur barely misses you. The minotaur gores you!
You die...

.## .# . ...
# #.# . . .
#### ## ##
.## # .(# ...
. .. ..
#.#.#######.#
#H#.......# #
. #@###..##.#
.## #.......#
. ..
#.#######
#.###.
#.......#
#... #.#
##### #. # #
#(#.# #.# #
###.# #.#####
#...# #...#
##### #.# #


You could see a minotaur.

Vanquished Creatures
  An unseen horror (D:12)
  2 hill giants
  The ghost of Buffagor the Chopper, a novice DsBe of Trog (D:6)
  A deep elf mage (D:12)
  An ugly thing (D:11)
  Joseph (D:7)
  A centaur skeleton (D:11)
  2 kobold demonologists (D:11)
  2 trolls
  7 yaks
  Eustachio (D:4)
  Grum (D:11)
  3 hungry ghosts
  A steam dragon (D:11)
  7 humans
  2 hippogriffs (D:12)
  Menkaure (D:6)
  4 vampire mosquitoes (D:12)
  A water moccasin (D:9)
  A mottled dragon (D:12)
  A soldier ant (D:12)
  Duvessa (D:6)
  5 sky beasts
  4 orc warriors
  A wasp (D:10)
  4 wolves (D:11)
  5 centaurs
  4 ogres
  3 phantoms
  2 big kobolds (D:11)
  A wyvern zombie (D:12)
  5 giant frogs
  Dowan (D:6)
  2 scorpions
  2 howler monkeys
  2 crimson imps
  A giant frog zombie (D:8)
  2 giant frog skeletons
  3 orc priests
  6 hounds
  3 jellies
  4 orc wizards
  An iguana (D:12)
  7 worker ants
  2 sheep (D:7)
  3 hound skeletons
  A hound zombie (D:6)
  2 worker ant zombies (D:9)
  7 gnolls
  8 adders
  6 river rats (D:5)
  4 shadow imps
  A worm (D:3)
  A dart slug (D:4)
  4 giant geckos
  25 orcs
  4 giant cockroaches
  2 goblins
  3 hobgoblins
  8 jackals
  13 kobolds
  3 quokkas
  A ball python (D:1)
  5 bats
  A giant cockroach zombie (D:6)
  2 giant newts
  2 quokka skeletons
  A quokka zombie (D:6)
  25 rats
245 creatures vanquished.

Vanquished Creatures (others)
  A kobold (D:11)
  2 quokkas (D:7)
3 creatures vanquished.

Grand Total: 248 creatures vanquished

Notes
Turn   | Place    | Note
--------------------------------------------------------------
     0 | D:1      | GeneralIdiocy the Demonspawn Monk began the quest for the Orb.
     0 | D:1      | Reached XP level 1. HP: 18/18 MP: 1/1
   420 | D:1      | Gained mutation: You have sharp fingernails. [demonic ancestry]
   420 | D:1      | Reached XP level 2. HP: 24/24 MP: 2/2
  1206 | D:2      | Found a burning altar of Makhleb.
  1767 | D:3      | Found a sacrificial altar of Ru.
  1771 | D:3      | Reached XP level 3. HP: 29/30 MP: 3/3
  1811 | D:3      | Reached skill level 1 in Armour
  2072 | D:3      | Reached XP level 4. HP: 16/37 MP: 4/4
  2084 | D:3      | Reached skill level 4 in Unarmed Combat
  2291 | D:3      | Found a shadowy altar of Dithmenos.
  2438 | D:3      | Found a blossoming altar of Fedhas.
  2556 | D:3      | Found a shattered altar of Ashenzari.
  2850 | D:3      | Found a basalt altar of Yredelemnul.
  2856 | D:3      | Found a burning altar of Makhleb.
  3026 | D:4      | Noticed Eustachio
  3044 | D:4      | Killed Eustachio
  3044 | D:4      | Gained mutation: You have large cloven feet. [demonic ancestry]
  3044 | D:4      | Reached XP level 5. HP: 43/43 MP: 5/5
  3101 | D:4      | Gained mutation: You have hoof-like feet. [demonic ancestry]
  3101 | D:4      | Reached XP level 6. HP: 49/50 MP: 6/6
  3103 | D:4      | Found Ryciatua's Distillery.
  3110 | D:4      | Bought 2 potions of might for 112 gold pieces
  3110 | D:4      | Bought a potion of lignification for 42 gold pieces
  3110 | D:4      | Bought a potion of curing for 42 gold pieces
  3329 | D:5      | Entered Level 5 of the Dungeon
  3442 | D:5      | Found a shadowy altar of Dithmenos.
  3562 | D:5      | Reached skill level 5 in Unarmed Combat
  3779 | D:5      | Reached skill level 5 in Fighting
  4079 | D:5      | Gained mutation: You have very sharp fingernails. [demonic ancestry]
  4079 | D:5      | Reached XP level 7. HP: 47/56 MP: 7/7
  4105 | D:5      | Found a staircase to the Ecumenical Temple.
  4246 | Temple   | Entered the Ecumenical Temple
  4319 | Temple   | Became a worshipper of Cheibriados the Contemplative
  4319 | Temple   | Reached * piety under Cheibriados
  4319 | Temple   | Reached ** piety under Cheibriados
  4470 | D:6      | Found an iron altar of Okawaru.
  5206 | D:6      | Noticed Buffagor's ghost (novice DsBe)
  5207 | D:6      | Noticed a human
  5207 | D:6      | Noticed a human
  5208 | D:6      | Noticed a human
  5214 | D:6      | Noticed a human
  5214 | D:6      | Noticed a human
  5221 | D:6      | Killed a human
  5221 | D:6      | Reached skill level 6 in Unarmed Combat
  5224 | D:6      | Killed a human
  5224 | D:6      | Reached skill level 5 in Armour
  5224 | D:6      | Gained mutation: Your flesh is heat resistant. [demonic ancestry]
  5224 | D:6      | Reached XP level 8. HP: 64/64 MP: 8/8
  5233 | D:6      | Killed Buffagor's ghost
  5239 | D:6      | Reached skill level 7 in Unarmed Combat
  5239 | D:6      | Reached skill level 1 in Invocations
  5249 | D:6      | Gained mutation: You have a pair of small horns on your head. [demonic ancestry]
  5249 | D:6      | Reached XP level 9. HP: 69/69 MP: 8/10
  5339 | D:6      | Noticed Duvessa
  5340 | D:6      | Noticed Dowan
  5353 | D:6      | Killed Duvessa
  5375 | D:6      | Killed Dowan
  5498 | D:6      | Noticed Menkaure
  5507 | D:6      | Killed Menkaure
  5612 | D:6      | Reached skill level 8 in Unarmed Combat
  5860 | D:6      | Reached *** piety under Cheibriados
  6129 | D:7      | Found a sparkling altar of Nemelex Xobeh.
  6216 | D:7      | Found a white marble altar of Elyvilon.
  6293 | D:7      | Found a stormy altar of Qazlal.
  6613 | D:7      | Noticed Joseph
  6622 | D:7      | Killed Joseph
  6622 | D:7      | Reached skill level 9 in Unarmed Combat
  6622 | D:7      | Reached skill level 5 in Invocations
  6814 | D:7      | Reached **** piety under Cheibriados
  6864 | D:8      | Reached XP level 10. HP: 73/76 MP: 14/14
  7474 | D:8      | Reached skill level 10 in Unarmed Combat
  8059 | D:9      | Reached ***** piety under Cheibriados
  8164 | D:9      | Found a staircase to the Orcish Mines.
  8519 | D:10     | Entered Level 10 of the Dungeon
  8548 | D:10     | Noticed a hill giant
  8555 | D:10     | Killed a hill giant
  9244 | D:10     | Found a staircase to the Lair.
  9301 | D:11     | Noticed a purple ugly thing
  9310 | D:11     | Killed a purple ugly thing
  9468 | D:11     | Noticed a hill giant
  9479 | D:11     | Killed a hill giant
  9701 | D:11     | Reached skill level 11 in Unarmed Combat
  9727 | D:11     | Noticed a sixfirhy
  9730 | D:11     | Gained mutation: You have a pair of horns on your head. [demonic ancestry]
  9730 | D:11     | Reached XP level 11. HP: 58/81 MP: 16/16
  9736 | D:11     | Noticed Grum
  9738 | D:11     | Reached skill level 5 in Evocations
  9748 | D:11     | HP: 6/121 [yak (2)]
  9765 | D:11     | Killed Grum
  9987 | D:12     | Reached skill level 5 in Dodging
 10478 | D:12     | Noticed a deep elf mage
 10488 | D:12     | Killed a deep elf mage
 10542 | D:12     | Reached ****** piety under Cheibriados
 11248 | D:12     | Killed an unseen horror
 11618 | D:13     | Found a labyrinth entrance.
 11627 | Lab      | Entered a labyrinth
 12039 | Lab      | Noticed a minotaur
 12043 | Lab      | Identified a +1 rod of ignition (11/11)
 12043 | Lab      | Slain by a minotaur

Skill      XL: |  1  2  3  4  5  6  7  8  9 10 11 |
---------------+----------------------------------+-----
Fighting       | 4 5 6 |  6.1
Armour         | 1 3 5 6 7 |  7.0
Unarmed Combat | 4 5 6 7 9 11 | 11.9
Invocations    | 2 6 7 |  7.1
Dodging        | 4 5 |  5.1
Evocations     | 4 7 |  7.1
Stealth        | |  1.7

Action                   |  1- 3 |  4- 6 |  7- 9 | 10-12 || total
-------------------------+-------+-------+-------+-------++-------
Melee: Unarmed           |   120 |   204 |   203 |   284 ||   811
       Punch             |     1 |     3 |    13 |    18 ||    35
       Kick              |       |    33 |    86 |   143 ||   262
       Headbutt          |       |       |    43 |    81 ||   124
Throw: Throwing net      |       |       |       |     4 ||     4
 Abil: Evoke Berserk Rag |       |     1 |       |       ||     1
Evoke: Wand              |       |       |       |    10 ||    10
  Use: Scroll            |       |     5 |    13 |     9 ||    27
       Potion            |       |       |     3 |     5 ||     8
 Stab: Sleeping          |     5 |       |     3 |       ||     8
       Paralysed         |       |       |       |     1 ||     1
       Held in net/web   |       |       |       |     1 ||     1
  Eat: Chunk             |     3 |     6 |     5 |    10 ||    24
       Royal jelly       |       |     1 |       |       ||     1
Armor: Robe              |     5 |       |       |       ||     5
       Leather armour    |     8 |       |       |       ||     8
       Scale mail        |    23 |   137 |    32 |       ||   192
       Skin              |       |       |    16 |    72 ||    88
       Chain mail        |       |       |     9 |   115 ||   124
Dodge: Dodged            |    72 |   135 |    79 |   158 ||   444
Block: Other             |       |     2 |    17 |    48 ||    67
       Reflection        |       |       |     2 |     3 ||     5
